 Dungeon Crawl Stone Soup version 0.31-a0-1522-g43313d8a59 (webtiles) character file.

Game seed: 7239525779795194312

1038 wildpjah the Slasher (level 8, -3/50 (59) HPs)
             Began as a Demonspawn Gladiator on Dec 30, 2023.
             Was a Believer of Kikubaaqudgha.
             Killed by divine providence
             ... invoked by Jeremiah
              (15 damage)
             ... on level 6 of the Dungeon.
             The game lasted 00:12:49 (4147 turns).

wildpjah the Slasher (Demonspawn Gladiator)         Turns: 4147, Time: 00:12:51

HP:   -3/50 (59)    AC:  6    Str: 16    XL:     8   Next: 4%
MP:   1/8           EV: 18    Int: 10    God:    Kikubaaqudgha [**....]
Gold: 251           SH:  8    Dex: 14    Spells: 2/7 levels left

rFire   . . .        a - +0 long sword
rCold   . . .        (no shield)
rNeg    . . .        b - +0 leather armour
rPois   .            c - +0 helmet
rElec   .            (no cloak)
rCorr   .            r - +1 pair of gloves
SInv    .            (no boots)
Will    .....        o - amulet of the acrobat
Stlth   ++           n - +5 ring of evasion
HPRegen 0.28/turn    (no ring)
MPRegen 0.11/turn

%: acrobat
@: very slightly contaminated, heavily drained
A: hooves 2, large bone plates 1, demonic guardian 1, condensation shield
a: Renounce Religion, Unearth Wretches


You were on level 6 of the Dungeon.
You worshipped Kikubaaqudgha.
Kikubaaqudgha was pleased with you.
You visited 1 branch of the dungeon, and saw 6 of its levels.

You collected 251 gold pieces.

Inventory:

Hand Weapons
 a - a +0 long sword (weapon)
 h - a +4 sling
Missiles
 d - 2 throwing nets
 e - a javelin
 g - 9 poisoned darts
Armour
 b - a +0 leather armour (worn)
 c - a +0 helmet (worn)
 r - a +1 pair of gloves (worn)
Jewellery
 n - a +5 ring of evasion (left hand)
 o - an amulet of the acrobat (around neck)
Wands
 u - a wand of flame (11)
Scrolls
 f - a scroll of enchant weapon {unknown}
 j - 4 scrolls of teleportation {unknown}
 k - 10 scrolls of identify {unknown}
 l - 2 scrolls of amnesia {unknown}
 m - a scroll of summoning {unknown}
 t - a scroll of poison {unknown}
 w - a scroll of vulnerability {unknown}
 x - a scroll of blinking {unknown}
 y - a scroll of enchant armour {unknown}
Potions
 i - a potion of ambrosia {unknown}
 p - 3 potions of invisibility {unknown}
 q - a potion of lignification {unknown}
 s - 2 potions of degeneration {unknown}
 v - 2 potions of curing {unknown}
 z - 2 potions of resistance {unknown}
 A - a potion of enlightenment {unknown}
 B - a potion of cancellation {unknown}


   Skills:
 + Level 3.6 Fighting
 + Level 5.7 Long Blades
 + Level 2.1 Throwing
 + Level 2.6 Armour
 + Level 4.2 Dodging
 + Level 2.2 Stealth
 + Level 2.3 Shields
 * Level 2.4 Necromancy
 + Level 0.3 Evocations


You had 2 spell levels left.
You knew the following spells:

 Your Spells              Type           Power      Damage    Failure   Level
a - Cigotuvi's Dreadful   Necr/Alch/Air  2%         N/A       45%         2
b - Fugue of the Fallen   Necr           4%         N/A       45%         3

Your spell library contained the following spells:

 Spells                   Type           Power      Damage    Failure   Level
 Sublimation of Blood     Necr           4%         N/A       26%         2
 Kiss of Death            Conj/Necr      8%         2d6       28%         1
 Blink                    Tloc           0%         N/A       56%         2
 Lesser Beckoning         Tloc           0%         N/A       56%         2
 Momentum Strike          Conj/Tloc      0%         3d8       56%         2
 Gell's Gravitas          Tloc           0%         N/A       80%         3
 Teleport Other           Tloc           0%         N/A       80%         3
 Volatile Blastmotes      Fire/Tloc      0%         2d10      80%         3
 Anguish                  Hex/Necr       1%         N/A       95%         4
 Martyr's Knell           Necr/Summ      2%         N/A       95%         4
 Fulminant Prism          Conj/Alch      0%         3d5       99%         4
 Iskenderun's Mystic Bla  Conj/Tloc      0%         2d3       99%         4
 Curse of Agony           Necr           4%         N/A       99%         5
 Borgnjor's Vile Clutch   Necr/Erth      1%         N/A       100%        5


Dungeon Overview and Level Annotations

Branches:
Dungeon (6/15)
 Temple: D:4-7

Altars:
Kikubaaqudgha
Trog
Uskayaw
Yredelemnul

Annotations:
D:6 Jeremiah


Innate Abilities, Weirdness & Mutations

You have hoof-like feet.
You are partially covered in large bone plates. (SH +4)
A weak demonic guardian rushes to your aid.
A meltable shield of frost defends you. (SH +4)


Message History

Something smites you!
A demonic guardian appears!
You closely miss Jeremiah. Your kick misses Jeremiah.
Jeremiah is moderately wounded.
Your iron imp misses the butterfly.
Jeremiah hits you but does no damage.
You feel drained.
Your white imp hits the butterfly.
The butterfly dies!
The butterfly disappears in a burst of colours!
You hit Jeremiah. Your kick misses Jeremiah.
Jeremiah is heavily wounded.
The butterfly disappears in a burst of colours! x4
Your iron imp barely misses the butterfly.
Jeremiah hits you with a +2 trident of draining!
* * * LOW HITPOINT WARNING * * *
You feel drained.
* * * LOW HITPOINT WARNING * * *
Your white imp completely misses the butterfly.
You hit Jeremiah but do no damage. Your kick misses Jeremiah.
Jeremiah is heavily wounded.
The butterfly disappears in a burst of colours!
Your iron imp barely misses the butterfly.
You block Jeremiah's attack.
You closely miss Jeremiah. You kick Jeremiah.
Jeremiah is heavily wounded.
The butterfly disappears in a burst of colours!
You block Jeremiah's attack.
You barely miss Jeremiah. You kick Jeremiah, but do no damage.
Jeremiah is heavily wounded.
The butterfly disappears in a burst of colours! x2
Jeremiah misses you.
Your white imp closely misses the butterfly.
You closely miss Jeremiah.
Jeremiah is heavily wounded.
The butterfly disappears in a burst of colours! x2
The ogre barely misses you.
Jeremiah yawns.
Jeremiah lets out a twisted cry.
Something smites you!
You die...
Jeremiah says, "O terrible one, your will is done."
Kikubaaqudgha rasps: "You have failed me!
Welcome... death!"

##........##
####.....!....##
#..........b...# #####
#..............# #...#
#..../....)..b.####...# #
......b..b...b....#...####.
.#>............##....###...
#..##...55bb.#...##†#..<..
#. #...b@Fbb#..........##
#....Obbb.........##...
#.....b.b....###..##...
....b......(#.# ##.##...
..#..........#.# #.##...
.............#.# #.##...
..#.......... #..#...
.......b..#.## ##.


You could see Jeremiah (ally target), an ogre, a friendly iron imp (summoned)
and a friendly white imp (summoned).

Vanquished Creatures
  Sigmund (D:5)
  2 ice beasts (D:5)
  An ogre (D:4)
  A bullfrog (D:6)
  2 scorpions
  3 hounds (D:5)
  A bombardier beetle (D:5)
  A sleepcap (D:5)
  Natasha (twice) (D:4)
  3 iguanas
  4 gnolls (D:4)
  4 adders
  2 dart slugs
  3 ribbon worms
  7 orcs
  5 ball pythons
  5 bats (D:2)
  6 endoplasms
  4 giant cockroaches
  7 goblins
  4 hobgoblins
  10 kobolds
  4 quokkas
  5 frilled lizards
  9 rats
96 creatures vanquished.

Vanquished Creatures (others)
  A bat (D:5)
  A jackal (D:5)
  A rat (D:5)
3 creatures vanquished.

Grand Total: 99 creatures vanquished

Notes
Turn   | Place    | Note
-------+----------+-------------------------------------------
     0 | D:1      | wildpjah the Demonspawn Gladiator began the quest for the
                  | Orb.
     0 | D:1      | Reached XP level 1. HP: 16/16 MP: 1/1
   109 | D:1      | Found a faded altar of an unknown god.
   124 | D:1      | Prayed at the altar of an unknown god.
   124 | D:1      | Became a worshipper of Kikubaaqudgha
   124 | D:1      | Reached * piety under Kikubaaqudgha
   124 | D:1      | Received a gift from Kikubaaqudgha
   275 | D:1      | Gained mutation: You are partially covered in large bone
                  | plates. (SH +4) [demonic ancestry]
   275 | D:1      | Reached XP level 2. HP: 18/22 MP: 2/2
   319 | D:1      | Reached skill level 3 in Long Blades
   975 | D:1      | Gained mutation: You have large cloven feet. [demonic
                  | ancestry]
   975 | D:1      | Reached XP level 3. HP: 19/27 MP: 3/3
   978 | D:1      | Learned a level 2 spell: Cigotuvi's Dreadful Rot
  1357 | D:2      | Reached ** piety under Kikubaaqudgha
  2241 | D:3      | Gained mutation: A meltable shield of frost defends you.
                  | (SH +4) [demonic ancestry]
  2241 | D:3      | Reached XP level 4. HP: 34/34 MP: 4/4
  2353 | D:3      | Reached skill level 1 in Armour
  2580 | D:4      | Noticed an ogre
  2594 | D:4      | Killed an ogre
  2595 | D:4      | Reached skill level 4 in Long Blades
  2595 | D:4      | Reached skill level 1 in Shields
  2595 | D:4      | Gained mutation: A weak demonic guardian rushes to your
                  | aid. [demonic ancestry]
  2595 | D:4      | Reached XP level 5. HP: 36/39 MP: 5/5
  2704 | D:4      | Found a basalt altar of Yredelemnul.
  2706 | D:4      | Noticed Natasha
  2719 | D:4      | Killed Natasha
  2720 | D:4      | Reached skill level 1 in Stealth
  2906 | D:4      | Reached XP level 6. HP: 36/47 MP: 6/6
  3231 | D:4      | Noticed Natasha
  3240 | D:4      | Killed Natasha
  3290 | D:5      | Entered Level 5 of the Dungeon
  3388 | D:5      | Noticed an ice beast
  3406 | D:5      | Killed an ice beast
  3414 | D:5      | Found a hide-covered altar of Uskayaw.
  3467 | D:5      | Gained mutation: You have hoof-like feet. [demonic
                  | ancestry]
  3467 | D:5      | Reached XP level 7. HP: 52/52 MP: 7/7
  3474 | D:5      | Reached skill level 5 in Long Blades
  3564 | D:5      | Reached *** piety under Kikubaaqudgha
  3564 | D:5      | Received a gift from Kikubaaqudgha
  3610 | D:5      | Reached skill level 1 in Necromancy
  3611 | D:5      | Found a bloodstained altar of Trog.
  3990 | D:5      | Noticed Sigmund
  4001 | D:5      | Learned a level 3 spell: Fugue of the Fallen
  4007 | D:5      | Killed Sigmund
  4075 | D:6      | Reached XP level 8. HP: 50/59 MP: 8/8
  4120 | D:6      | Noticed Jeremiah
  4147 | D:6      | Killed from afar by Jeremiah

Illustrated notes

Levels and vault maps discovered:
D:1:      minmay_arrival_five_plusses, layout_loops_corners,
          ebering_ecumenical_altar_ruins, minmay_surrounded
D:2:      layout_basic
D:3:      layout_rooms
D:4:      layout_basic, nicolae_overflow_crystal_walls, uniq_natasha
D:5:      layout_rooms, nicolae_uskayaw_suspiria, elyvilon_altar_4,
          kennysheep_mini_moat, uniq_sigmund
D:6:      layout_rooms, minmay_temple_entry_junction, uniq_jeremiah,
          uniq_crazy_yiuf_cottage

Skill      XL: |  1  2  3  4  5  6  7 |
---------------+----------------------+-----
Dodging        | 3 4 |  4.2
Long Blades    | 3 4 5 |  5.7
Throwing       | 2 |  2.1
Armour         | 1 2 |  2.6
Shields        | 1 2 |  2.3
Stealth        | 1 2 |  2.2
Fighting       | 3 |  3.6
Necromancy     | 2 |  2.4
Evocations     | |  0.3

Action                     |  1- 3 |  4- 6 |  7- 9 || total
---------------------------+-------+-------+-------++-------
  Melee: Long sword        |   179 |   136 |    74 ||   389
         Kick              |    26 |    37 |    20 ||    83
         Punch             |     1 |     2 |     1 ||     4
  Throw: Throwing net      |       |     3 |       ||     3
 Invoke: Unearth Wretches  |       |       |     2 ||     2
  Evoke: Wand              |       |     3 |       ||     3
   Stab: Sleeping          |     1 |       |     3 ||     4
         Held in net/web   |       |     3 |       ||     3
 Armour: Leather armour    |    80 |    39 |    31 ||   150
  Dodge: Dodged            |   111 |   130 |    63 ||   304
  Block: Other             |    20 |    60 |    27 ||   107

Table legend: (Time is in decaauts)
 A = Elapsed time spent in this place.
 B = Non-inter-level travel time spent in this place.
 C = Inter-level travel time spent in this place.
 D = Time resting spent in this place.
 E = Time spent auto-exploring this place.
 F = Levels seen in this place.
 G = Mean time per level.
                   A        B        C        D        E       F      G
               +--------+--------+--------+--------+--------+-----+--------+
         Total |   4233 |   4162 |     71 |      0 |   3175 |   6 |  705.5 |
       Dungeon |   4233 |   4162 |     71 |      0 |   3175 |   6 |  705.5 |
               +--------+--------+--------+--------+--------+-----+--------+

Top non-repeatable levels by time:
     D:1: 1097 daAuts
     D:2: 864 daAuts
     D:5: 789 daAuts
     D:4: 726 daAuts
     D:3: 673 daAuts
     D:6: 82 daAuts
